| TOP OF THE 1ST |
|
Portland Sea Dogs batting - Pitching for Arkansas Travelers : RHP Eddie Garabito
|
|
Pitching: RHP Eddie Garabito
|
|
|
Batting: RHB Matt Hinkle
|
0-0: Ball 1-0: Foul Ball, location: 2F 1-1: Swinging Strike 1-2: Foul Ball, location: 2F 1-2: Strikes out looking
|
|
Batting: RHB John Chiesa
|
0-0: Foul Ball, location: 2F 0-1: Called Strike 0-2: Foul Ball, location: 2F 0-2: Ball 1-2: Ball 2-2: Ball 3-2: Fly out, F9 (Flyball, 9D, EV 103.1 MPH)
|
|
Batting: LHB Noel Young
|
0-0: Ball 1-0: Ball 2-0: Ground out 5-3 (Groundball, 56, EV 86.2 MPH)
|
| Top of the 1st over - 0 runs, 0 hits, 0 errors, 0 left on base; Portland 0 - Arkansas 0 |
| BOTTOM OF THE 1ST |
|
Arkansas Travelers batting - Pitching for Portland Sea Dogs : RHP Jose Escobar
|
|
Pitching: RHP Jose Escobar
|
|
|
Batting: SHB Butch Brown
|
0-0: Foul Ball, location: 2F 0-1: Ball 1-1: Fly out, F9 (Flyball, 9D, EV 103.1 MPH)
|
|
Batting: LHB Justin Alexander
|
0-0: Called Strike 0-1: Ball 1-1: Fly out, F6 (Popup, 56D, EV 65.6 MPH)
|
|
Batting: RHB Kian-tat Chen
|
0-0: Called Strike 0-1: Swinging Strike 0-2: Ball 1-2: Foul Ball, location: 2F 1-2: Ground out U3 (Groundball, 3S, EV 86.2 MPH)
|
| Bottom of the 1st over - 0 runs, 0 hits, 0 errors, 0 left on base; Portland 0 - Arkansas 0 |
| TOP OF THE 2ND |
|
Portland Sea Dogs batting - Pitching for Arkansas Travelers : RHP Eddie Garabito
|
|
Batting: RHB Jose Diaz
|
0-0: Ball 1-0: Called Strike 1-1: Swinging Strike 1-2: Ball 2-2: Strikes out swinging
|
|
Batting: RHB Tommy Boudreaux
|
0-0: Called Strike 0-1: Ground out 4-3 (Groundball, 4, EV 91.9 MPH)
|
|
Batting: LHB Julian Toney
|
0-0: Ball 1-0: Ground out 4-3 (Groundball, 34D, EV 102.5 MPH)
|
| Top of the 2nd over - 0 runs, 0 hits, 0 errors, 0 left on base; Portland 0 - Arkansas 0 |
| BOTTOM OF THE 2ND |
|
Arkansas Travelers batting - Pitching for Portland Sea Dogs : RHP Jose Escobar
|
|
Batting: RHB Jonathan Ellis
|
0-0: Ball 1-0: SINGLE (Groundball, 56D, EV 97.5 MPH)
|
|
Batting: RHB Ryan Pelletier
|
0-0: Ball 1-0: Called Strike Jonathan Ellis steals 2nd base 1-1: Swinging Strike 1-2: Ground out 6-3 (Groundball, 6M, EV 83.8 MPH) Jonathan Ellis to third
|
|
Batting: LHB Jorge Zermeno
|
0-0: Called Strike 0-1: Called Strike 0-2: Foul Ball, location: 2F 0-2: Foul Ball, location: 2F 0-2: Ball 1-2: Ball Wild Pitch! Jonathan Ellis scores 2-2: Ground out 4-3 (Groundball, 34, EV 81.9 MPH)
|
|
Batting: RHB Timoleon Tsikouna
|
0-0: Foul Ball, location: 2F 0-1: Ground out 3-1 (Groundball, 13, EV 88.8 MPH)
|
| Bottom of the 2nd over - 1 run, 1 hit, 0 errors, 0 left on base; Portland 0 - Arkansas 1 |
| TOP OF THE 3RD |
|
Portland Sea Dogs batting - Pitching for Arkansas Travelers : RHP Eddie Garabito
|
|
Batting: RHB Carlos Nolasco
|
0-0: Ball 1-0: Ball 2-0: Called Strike 2-1: Swinging Strike 2-2: Foul Ball, location: 2F 2-2: Strikes out swinging
|
|
Batting: RHB Nick Cottrell
|
0-0: Swinging Strike 0-1: Swinging Strike 0-2: Ball 1-2: Strikes out looking
|
|
Batting: RHB Bobby Schimke
|
0-0: Ground out 6-3 (Groundball, 56, EV 84.4 MPH)
|
| Top of the 3rd over - 0 runs, 0 hits, 0 errors, 0 left on base; Portland 0 - Arkansas 1 |
| BOTTOM OF THE 3RD |
|
Arkansas Travelers batting - Pitching for Portland Sea Dogs : RHP Jose Escobar
|
|
Batting: RHB Jose Ramirez
|
0-0: Ball 1-0: Ground out 4-3 (Groundball, 4, EV 88.1 MPH)
|
|
Batting: LHB Spencer Palmer
|
0-0: Foul Ball, location: 2F 0-1: Called Strike 0-2: Foul Ball, location: 2F 0-2: Ball 1-2: Strikes out swinging
|
|
Batting: SHB Butch Brown
|
0-0: Ball 1-0: Foul Ball, location: 2F 1-1: Foul Ball, location: 2F 1-2: Foul Ball, location: 2F 1-2: Ball 2-2: Ball 3-2: Foul Ball, location: 2F 3-2: DOUBLE (Line Drive, 89D, EV 113.8 MPH)
|
|
Batting: LHB Justin Alexander
|
0-0: Fly out, F8 (Line Drive, 8RD, EV 97.5 MPH)
|
| Bottom of the 3rd over - 0 runs, 1 hit, 0 errors, 1 left on base; Portland 0 - Arkansas 1 |
| TOP OF THE 4TH |
|
Portland Sea Dogs batting - Pitching for Arkansas Travelers : RHP Eddie Garabito
|
|
Batting: RHB Matt Hinkle
|
0-0: Called Strike 0-1: Ball 1-1: Ball 2-1: Foul Ball, location: 2F 2-2: Strikes out swinging
|
|
Batting: RHB John Chiesa
|
0-0: Ball 1-0: Ball 2-0: Ball 3-0: Base on Balls
|
|
Batting: LHB Noel Young
|
0-0: Called Strike 0-1: Ball John Chiesa steals 2nd base 1-1: Swinging Strike 1-2: Foul Ball, location: 2F 1-2: Ball 2-2: Strikes out swinging
|
|
Batting: RHB Jose Diaz
|
0-0: Ball 1-0: Ball 2-0: Ground out 2-3 (Groundball, 2L, EV 70.0 MPH)
|
| Top of the 4th over - 0 runs, 0 hits, 0 errors, 1 left on base; Portland 0 - Arkansas 1 |
| BOTTOM OF THE 4TH |
|
Arkansas Travelers batting - Pitching for Portland Sea Dogs : RHP Jose Escobar
|
|
Batting: RHB Kian-tat Chen
|
0-0: Swinging Strike 0-1: Ball 1-1: Ball 2-1: Fly out, F3 (Popup, 3F, EV 56.2 MPH)
|
|
Batting: RHB Jonathan Ellis
|
0-0: Ground out 5-3 (Groundball, 56S, EV 91.2 MPH)
|
|
Batting: RHB Ryan Pelletier
|
0-0: Ball 1-0: Ball 2-0: Ball 3-0: Ground out 5-3 (Groundball, 5, EV 83.8 MPH)
|
| Bottom of the 4th over - 0 runs, 0 hits, 0 errors, 0 left on base; Portland 0 - Arkansas 1 |
| TOP OF THE 5TH |
|
Portland Sea Dogs batting - Pitching for Arkansas Travelers : RHP Eddie Garabito
|
|
Batting: RHB Tommy Boudreaux
|
0-0: Ball 1-0: Ground out 5-3 (Groundball, 56S, EV 71.2 MPH)
|
|
Batting: LHB Julian Toney
|
0-0: Called Strike 0-1: Ball 1-1: Ball 2-1: Ball 3-1: Foul Ball, location: 2F 3-2: Strikes out looking
|
|
Batting: RHB Carlos Nolasco
|
0-0: Foul Ball, location: 2F 0-1: Ball 1-1: Ball 2-1: Ball 3-1: Base on Balls
|
|
Batting: RHB Nick Cottrell
|
0-0: Ball 1-0: Foul Ball, location: 2F 1-1: Foul Ball, location: 2F 1-2: Foul Ball, location: 2F 1-2: Strikes out looking
|
| Top of the 5th over - 0 runs, 0 hits, 0 errors, 1 left on base; Portland 0 - Arkansas 1 |
| BOTTOM OF THE 5TH |
|
Arkansas Travelers batting - Pitching for Portland Sea Dogs : RHP Jose Escobar
|
|
Pitching: RHP Jon Olivo
|
|
|
Batting: LHB Jorge Zermeno
|
0-0: Swinging Strike 0-1: Ball 1-1: Ball 2-1: Swinging Strike 2-2: Strikes out swinging
|
|
Batting: RHB Timoleon Tsikouna
|
0-0: SINGLE (Groundball, 6M, EV 110.0 MPH) (infield hit)
|
|
Batting: RHB Jose Ramirez
|
0-0: Ball Timoleon Tsikouna is caught stealing 2nd base 2-4 1-0: Foul Ball, location: 2F 1-1: SINGLE (Groundball, 56S, EV 71.2 MPH) (infield hit)
|
|
Batting: LHB Spencer Palmer
|
0-0: Called Strike 0-1: Called Strike 0-2: Strikes out swinging
|
| Bottom of the 5th over - 0 runs, 2 hits, 0 errors, 1 left on base; Portland 0 - Arkansas 1 |
| TOP OF THE 6TH |
|
Portland Sea Dogs batting - Pitching for Arkansas Travelers : RHP Eddie Garabito
|
|
Batting: RHB Bobby Schimke
|
0-0: Called Strike 0-1: Foul Ball, location: 2F 0-2: Strikes out swinging
|
|
Batting: RHB Matt Hinkle
|
0-0: Ball 1-0: SINGLE (Groundball, 56D, EV 100.6 MPH)
|
|
Pitching: RHP Owen Prouty
|
|
|
Batting: RHB John Chiesa
|
0-0: Ball 1-0: Called Strike 1-1: Swinging Strike 1-2: Ball 2-2: Strikes out swinging
|
|
Batting: LHB Noel Young
|
0-0: Ball 1-0: Ball 2-0: Called Strike 2-1: Foul Ball, location: 2F 2-2: Foul Ball, location: 2F 2-2: Ball 3-2: Fly out, F8 (Flyball, 8LD, EV 100.6 MPH)
|
| Top of the 6th over - 0 runs, 1 hit, 0 errors, 1 left on base; Portland 0 - Arkansas 1 |
| BOTTOM OF THE 6TH |
|
Arkansas Travelers batting - Pitching for Portland Sea Dogs : RHP Jon Olivo
|
|
Batting: SHB Butch Brown
|
0-0: Foul Ball, location: 2F 0-1: Foul Ball, location: 2F 0-2: Ground out 6-3 (Groundball, 6S, EV 80.0 MPH)
|
|
Batting: LHB Justin Alexander
|
0-0: Ball 1-0: Ball 2-0: Ball 3-0: Base on Balls
|
|
Batting: RHB Kian-tat Chen
|
0-0: Ball Wild Pitch! Justin Alexander to second 1-0: Ball 2-0: Ground out 2-3 (Groundball, 13S, EV 70.6 MPH) Justin Alexander to third
|
|
Batting: RHB Jonathan Ellis
|
0-0: Ball 1-0: Fly out, F8 (Flyball, 78D, EV 98.1 MPH)
|
| Bottom of the 6th over - 0 runs, 0 hits, 0 errors, 1 left on base; Portland 0 - Arkansas 1 |
| TOP OF THE 7TH |
|
Portland Sea Dogs batting - Pitching for Arkansas Travelers : RHP Owen Prouty
|
|
Batting: RHB Jose Diaz
|
0-0: Ball 1-0: Ball 2-0: Ball 3-0: Fly out, F7 (Line Drive, 7S, EV 94.4 MPH)
|
|
Batting: RHB Tommy Boudreaux
|
0-0: Called Strike 0-1: Ball 1-1: Swinging Strike 1-2: Ball 2-2: Strikes out swinging
|
|
Batting: LHB Julian Toney
|
0-0: Ball 1-0: Reached on error, E4 (Groundball, 4M, EV 105.0 MPH)
|
|
Batting: RHB Carlos Nolasco
|
0-0: Foul Ball, location: 2F 0-1: Ground out 6-3 (Groundball, 6, EV 88.1 MPH)
|
| Top of the 7th over - 0 runs, 0 hits, 1 error, 1 left on base; Portland 0 - Arkansas 1 |
| BOTTOM OF THE 7TH |
|
Arkansas Travelers batting - Pitching for Portland Sea Dogs : RHP Jon Olivo
|
|
Batting: RHB Ryan Pelletier
|
0-0: SINGLE (Groundball, 56S, EV 67.5 MPH) (infield hit)
|
|
Batting: LHB Jorge Zermeno
|
0-0: Foul Ball, location: 2F 0-1: Ball Wild Pitch! Ryan Pelletier to second 1-1: Ball 2-1: Fly out, F7 (Flyball, 7, EV 90.6 MPH)
|
|
Batting: RHB Timoleon Tsikouna
|
0-0: Ball Ryan Pelletier is caught stealing 3rd base 2-5 1-0: Foul Ball, location: 2F 1-1: Called Strike 1-2: Ball 2-2: Foul Ball, location: 2F 2-2: Strikes out swinging
|
| Bottom of the 7th over - 0 runs, 1 hit, 0 errors, 0 left on base; Portland 0 - Arkansas 1 |
| TOP OF THE 8TH |
|
Portland Sea Dogs batting - Pitching for Arkansas Travelers : RHP Owen Prouty
|
|
Pitching: RHP Jason Smallwood
|
|
|
Batting: RHB Nick Cottrell
|
0-0: Ball 1-0: Called Strike 1-1: Foul Ball, location: 2F 1-2: Foul Ball, location: 2F 1-2: Foul Ball, location: 2F 1-2: Ball 2-2: Ball 3-2: SINGLE (Groundball, 56D, EV 104.4 MPH)
|
|
Pinch Hitting: LHB Blake Sams
|
0-0: Sac Bunt to 23 - play at first, batter safe! Nick Cottrell to second
|
|
Batting: RHB Matt Hinkle
|
0-0: Foul Ball, location: 2F 0-1: Swinging Strike 0-2: Ball 1-2: Foul Ball, location: 2F 1-2: Strikes out swinging
|
|
Batting: RHB John Chiesa
|
0-0: Called Strike 0-1: Ball 1-1: Bunt missed! 1-2: Ball 2-2: Ball 3-2: Base on Balls Nick Cottrell to third Blake Sams to second
|
|
Batting: LHB Noel Young
|
0-0: Ball 1-0: Ball 2-0: Called Strike 2-1: Foul Ball, location: 2F 2-2: Foul Ball, location: 2F 2-2: Fly out, F8 (Flyball, 8RD, EV 95.6 MPH) Runner from 3rd tags up, SCORES, throw by CF
|
|
Batting: RHB Jose Diaz
|
0-0: Ball 1-0: Reached on error, E5 (Groundball, 5L, EV 78.1 MPH) Blake Sams to third John Chiesa to second
|
|
Batting: RHB Tommy Boudreaux
|
0-0: Foul Ball, location: 2F 0-1: Called Strike 0-2: Foul Ball, location: 2F 0-2: DOUBLE (Flyball, 8LXD, EV 102.5 MPH) Blake Sams scores John Chiesa scores Jose Diaz to third
|
|
Pitching: LHP Jose Rivera
|
|
|
Pinch Hitting: RHB Mike Cavagnaro
|
0-0: Ball 1-0: Called Strike 1-1: Called Strike 1-2: Ball 2-2: Foul Ball, location: 2F 2-2: Ground out 6-3 (Groundball, 6, EV 86.2 MPH)
|
| Top of the 8th over - 3 runs, 3 hits, 1 error, 2 left on base; Portland 3 - Arkansas 1 |
| BOTTOM OF THE 8TH |
|
Arkansas Travelers batting - Pitching for Portland Sea Dogs : RHP Jon Olivo
|
|
Pitching: RHP Jim Whiteman
|
|
|
Now at 3B: Frank Sokolosky
|
|
|
Now at SS: Nick Cottrell
|
|
|
Now in LF: Tommy Boudreaux
|
|
|
Now in RF: William Lung
|
|
|
Batting: RHB Jose Ramirez
|
0-0: Ball 1-0: Foul Ball, location: 2F 1-1: Foul Ball, location: 2F 1-2: Ball 2-2: Foul Ball, location: 2F 2-2: Strikes out looking
|
|
Batting: LHB Spencer Palmer
|
0-0: Ball 1-0: Called Strike 1-1: Foul Ball, location: 2F 1-2: Strikes out looking
|
|
Batting: SHB Butch Brown
|
0-0: Ball 1-0: SINGLE (Flyball, 9S, EV 93.8 MPH)
|
|
Batting: LHB Justin Alexander
|
0-0: Called Strike 0-1: Ball 1-1: Ball 2-1: Ball 3-1: Fly out, F4 (Line Drive, 4, EV 72.5 MPH)
|
| Bottom of the 8th over - 0 runs, 1 hit, 0 errors, 1 left on base; Portland 3 - Arkansas 1 |
| TOP OF THE 9TH |
|
Portland Sea Dogs batting - Pitching for Arkansas Travelers : LHP Jose Rivera
|
|
Pitching: RHP Cal Abbott
|
|
|
Batting: RHB Carlos Nolasco
|
0-0: Ball 1-0: Foul Ball, location: 2F 1-1: Ball 2-1: Ball 3-1: Base on Balls
|
|
Batting: RHB Nick Cottrell
|
0-0: Bunt missed! 0-1: Bunted foul 0-2: Grounds into double play, 4-6-3 (Groundball, 4M, EV 108.8 MPH)
|
|
Batting: RHB William Lung
|
0-0: Ball 1-0: Called Strike 1-1: Foul Ball, location: 2F 1-2: Foul Ball, location: 2F 1-2: Strikes out swinging
|
| Top of the 9th over - 0 runs, 0 hits, 0 errors, 0 left on base; Portland 3 - Arkansas 1 |
| BOTTOM OF THE 9TH |
|
Arkansas Travelers batting - Pitching for Portland Sea Dogs : RHP Jim Whiteman
|
|
Pitching: RHP Mike Osgood
|
|
|
Batting: RHB Kian-tat Chen
|
0-0: Ball 1-0: Foul Ball, location: 2F 1-1: Foul Ball, location: 2F 1-2: Strikes out swinging
|
|
Batting: RHB Jonathan Ellis
|
0-0: Ground out 1-3 (Groundball, 34S, EV 68.8 MPH)
|
|
Batting: RHB Ryan Pelletier
|
0-0: Called Strike 0-1: Ball 1-1: Ball 2-1: Ball 3-1: Base on Balls
|
|
Batting: LHB Jorge Zermeno
|
0-0: Ball 1-0: Ball 2-0: Called Strike 2-1: Ball 3-1: Base on Balls Ryan Pelletier to second
|
|
Pinch Hitting: RHB Mike Alm
|
0-0: Called Strike 0-1: Ball 1-1: Foul Ball, location: 2F 1-2: Ball 2-2: Foul Ball, location: 2F 2-2: Fly out, F8 (Flyball, 8LXD, EV 88.1 MPH)
|
| Bottom of the 9th over - 0 runs, 0 hits, 0 errors, 2 left on base; Portland 3 - Arkansas 1 |
|